 Dungeon Crawl Stone Soup version 0.27-a0-1066-g29160eaed2 (webtiles) character file.

Game seed: 6045207421378843477

2 Gaff the Magician (level 1, 17/17 HPs)
             Began as a Djinni Arcane Marksman on Apr 24, 2021.
             Got out of the dungeon alive.
             The game lasted 00:02:02 (110 turns).

Gaff the Magician (Djinni Arcane Marksman)           Turns: 110, Time: 00:02:03

Health: 17/17      AC:  2    Str:  9    XL:     1   Next: 40%
Gold:   0          EV: 12    Int: 14    God:
                   SH:  0    Dex: 13

rFire    + + .     SeeInvis .   a - +0 shortbow
rCold    x . .     Faith    .   (shield currently unavailable)
rNeg     . . .     Spirit   .   e - +0 robe
rPois    ∞         Reflect  .   (no helmet)
rElec    .         Harm     .   (no cloak)
rCorr    .         Rampage  .   (no gloves)
Will     .....                  (boots unavailable)
Stlth    +.........             (no amulet)
HPRegen  0.05/turn              (no ring)
MPRegen  0.00/turn              (no ring)

@: flying
A: fire resistance 2, cold vulnerability 1, float, innate caster, hp casting,
extra vitality 1
a: no special abilities


You escaped.
You visited 1 branch of the dungeon, and saw 1 of its levels.

Inventory:

Hand Weapons
 a - a +0 shortbow (weapon)
Missiles
 d - 19 arrows (quivered ammo)
Armour
 e - a +0 robe (worn)
Potions
 b - a potion of brilliance {unknown}


   Skills:
 + Level 1.0 Fighting
 + Level 1.8 Bows
 + Level 2.1 Dodging
 + Level 2.6 Spellcasting


You couldn't memorise any spells.
You knew the following spells:

 Your Spells              Type           Power      Damage    Failure   Level
a - Corona                Hex            10%        N/A       8%          1
b - Slow                  Hex            9%         N/A       11%         2
c - Inner Flame           Hex/Fire       9%         N/A       22%         3
d - Portal Projectile     Hex/Tloc       18%        N/A       22%         3
e - Cause Fear            Hex            4%         N/A       58%         4
f - Leda's Liquefaction   Hex/Erth       4%         N/A       58%         4
Your spell library was empty.

Dungeon Overview and Level Annotations

Branches:
Dungeon (1/15)

Altars:


Innate Abilities, Weirdness & Mutations

You are immune to poison.
Your flesh is very heat resistant. (rF++)
You are vulnerable to cold. (rC-)
You float through the air rather than walking.
You learn spells naturally, not from books.
Your magical power is your life essence.
You have superior vitality. (+4 HP)


Message History

Fire: 19 arrows
Press: ? - help, Q - select action, (/) - cycle Shift-Dir - straight line, f/p - bat
Aim: a bat (heavily wounded, 39% to hit)
You shoot an arrow. The arrow hits the bat.
You kill the bat!
d - 19 arrows (gained 1) Unknown command.
You reach down and open the door.
There is an open door here.
A goblin comes into view. It is wielding a +0 club.
The goblin moves out of view.
A goblin is nearby!
Really attack while wielding your +0 shortbow? [Y]es or [N]o only, please.
Really attack while wielding your +0 shortbow? [Y]es or [N]o only, please.
Really attack while wielding your +0 shortbow?
Okay, then.
Fire: 19 arrows
Press: ? - help, Q - select action, (/) - cycle Shift-Dir - straight line, f - goblin
Aim: a goblin, wielding a +0 club (wandering, hasn't noticed you, 47% to hit)
You shoot an arrow. The goblin shouts!
The arrow hits the goblin.
You kill the goblin!
Fire: 18 arrows
Press: ? - help, Q - select action, (/) - cycle Shift-Dir - straight line, f - you Really target yourself? [Y]es or [N]o only, please.
Really target yourself?
Okay, then.
d - 19 arrows (gained 1)
You see here a +0 club.
There is an open door here.
There is an open door here.
There is an open door here.
There is an open door here.
There is a staircase leading out of the dungeon here.
Are you sure you want to leave the Dungeon?
This will make you lose the game!
You have escaped!

#.....).....##.#...
#..######'##..#.
... #.......## .#
#.#######.##
##.....##.##
##.#####.'#.#
#.##[..##.#.#
#.#.###.'.#.#
#.#≈#@#.#.#.#
#.#.##'.#.#.#
#.##...##.#.#
##.#####.##.#
##..≈..##.##
#######


There were no monsters in sight!

Vanquished Creatures
  A bat (D:1)
  A goblin (D:1)
2 creatures vanquished.

Notes
Turn   | Place    | Note
-------+----------+-------------------------------------------
     0 | D:1      | Gaff the Djinni Arcane Marksman began the quest for the
                  | Orb.
     0 | D:1      | Reached XP level 1. HP: 17/17 MP: 0/0
   110 | D:$      | Got out of the dungeon alive.

Illustrated notes

Levels and vault maps discovered:
D:1:      evilmike_arrival_rings, layout_basic,
          shapermc_ecumenical_altar_mp_highgroup, serial_park_tiny_1,
          hangedman_abyss_or_decor_stabs, minmay_misc_feat_diagonals

Action                   || total
-------------------------++-------
 Fire: Shortbow          ||     3
Armor: Robe              ||     1
Dodge: Dodged            ||     1

Table legend: (Time is in decaauts)
 A = Elapsed time spent in this place.
 B = Non-inter-level travel time spent in this place.
 C = Inter-level travel time spent in this place.
 D = Time resting spent in this place.
 E = Time spent auto-exploring this place.
 F = Levels seen in this place.
 G = Mean time per level.
                   A        B        C        D        E       F      G
               +--------+--------+--------+--------+--------+-----+--------+
         Total |    110 |     90 |     20 |      0 |     27 |   1 |  110.0 |
       Dungeon |    110 |     90 |     20 |      0 |     27 |   1 |  110.0 |
               +--------+--------+--------+--------+--------+-----+--------+

Top non-repeatable levels by time:
     D:1: 110 daAuts
